 Dungeon Crawl Stone Soup version 0.22-a0-612-gd2f0174 (webtiles) character file.

1034 Azzur the Digger (level 8, -1/45 HPs)
             Began as a Gargoyle Earth Elementalist on July 11, 2018.
             Hit by a tomahawk thrown by an orc warrior (8 damage)
             ... on level 6 of the Dungeon.
             The game lasted 00:35:25 (6491 turns).

Azzur the Digger (Gargoyle Earth Elementalist)      Turns: 6491, Time: 00:35:26

Health: -1/45      AC:  8    Str: 11    XL:     8   Next: 24%
Magic:  0/14       EV: 12    Int: 22    God:
Gold:   280        SH:  8    Dex: 10    Spells: 6/15 levels left

rFire    . . .     SeeInvis .   C - +2 flail (protect)
rCold    . . .     Gourm    .   f - +2 buckler
rNeg     + . .     Faith    .   c - +0 robe
rPois    ∞         Spirit   .   (no helmet)
rElec    +         Reflect  +   y - +0 cloak
rCorr    .         Harm     .   (no gloves)
MR       +....                  (no boots)
Stlth    ++........             E - +2 amulet of reflection
HPRegen  0.15/turn              n - +3 ring of intelligence
MPRegen  0.14/turn              v - ring of protection from magic

@: very slightly contaminated
A: negative energy resistance 1, electricity resistance, unbreathing,
petrification resistance, rot immunity, AC +5
a: no special abilities


You were on level 6 of the Dungeon.
You were not hungry.

You visited 1 branch of the dungeon, and saw 6 of its levels.

You collected 280 gold pieces.

Inventory:

Hand Weapons
 k - a +0 club
 x - a +3 quarterstaff of chaos
 C - a +2 flail of protection (weapon)
Missiles
 b - 91 stones (quivered)
Armour
 c - a +0 robe (worn)
 f - a +2 buckler (worn)
 y - a +0 cloak (worn)
Jewellery
 n - a +3 ring of intelligence (left hand)
 v - a ring of protection from magic (right hand)
 E - a +2 amulet of reflection (around neck)
Wands
 t - a wand of digging (9)
 z - a wand of iceblast (7)
Scrolls
 e - 3 scrolls of teleportation {unknown}
 g - a scroll of fog {unknown}
 h - a scroll of fear {unknown}
 i - 2 scrolls of identify
 j - a scroll of immolation {unknown}
 m - 2 scrolls of blinking {unknown}
 o - a scroll of remove curse {unknown}
 r - a scroll of noise {unknown}
 A - a scroll of enchant armour {unknown}
Potions
 a - a potion of invisibility {unknown}
 l - 2 potions of berserk rage {unknown}
 p - 3 potions of brilliance {unknown}
 q - 2 potions of curing
 s - 3 potions of magic
 u - a potion of lignification {unknown}
 w - a potion of degeneration {unknown}
 B - a potion of might {unknown}
 D - a potion of flight {unknown}
 F - a potion of cancellation {unknown}
 G - a potion of haste {unknown}
Comestibles
 d - 8 rations
 H - 2 chunks of flesh


   Skills:
 + Level 2.5 Fighting
 + Level 2.3 Maces & Flails
 + Level 2.5 Armour
 + Level 2.7 Dodging
 - Level 2.1 Stealth
 + Level 2.8 Shields
 + Level 4.0 Spellcasting
 + Level 3.4 Conjurations
   Level 0.7 Transmutations
 + Level 6.1 Earth Magic
 + Level 2.0 Evocations


You had 6 spell levels left.
You knew the following spells:

 Your Spells              Type           Power        Failure   Level  Hunger
a - Sandblast             Erth           ####..       1%          1    None
b - Stone Arrow           Conj/Erth      ####..       5%          3    ###....
c - Lee's Rapid Deconstr  Erth           ####......   28%         5    ######.

Your spell library contained the following spells:

 Spells                   Type           Power        Failure   Level  Hunger
 Passwall                 Tmut/Erth      ###.....     4%          2    #......
 Petrify                  Tmut/Erth      ###.....     30%         4    ####...


Dungeon Overview and Level Annotations

Branches:
Dungeon (6/15)
 Temple: D:4-7

Altars:
Fedhas

Annotations:
D:4 2 runed doors, dforspid's ghost, novice GnWn
D:5 exclusion: oklob plant


Innate Abilities, Weirdness & Mutations

You are resistant to torment.
Your stone body is resilient. (AC +5)
You are immune to poison.
You resist negative energy. (rN+)
You are resistant to electric shocks. (rElec)
You can survive without breathing.
You are immune to petrification.
You are immune to rotting.


Message History

Casting: Sandblast (safe; 1% risk of failure)
Confirm with . or Enter, or press ? or * to list all spells.
Aiming: Sandblast (safe; 1% risk of failure)
Press: ? - help, Shift-Dir - straight line, f - orc warrior
Aim: an orc warrior, wielding a trident and wearing a plate armour The blast of sand misses the orc warrior.
b - 91 stones You block the orc warrior's attack.
Casting: Sandblast (safe; 1% risk of failure)
Confirm with . or Enter, or press ? or * to list all spells.
Aiming: Sandblast (safe; 1% risk of failure)
Press: ? - help, Shift-Dir - straight line, f/p - orc warrior
Aim: an orc warrior, wielding a trident and wearing a plate armour You miscast Sandblast.
You are very lightly contaminated with residual magic.
Nothing appears to happen.
The orc warrior hits you from afar with a trident!
* * * LOW HITPOINT WARNING * * *
The orc warrior throws a tomahawk.
The tomahawk hits you!
You die...

#....###.#
.........#### ....
...........># ##...
####.######.# .....#
# #.# ...... #.# #.#
. ......# #.# #.#
.........###.# #.#
..........@..# #.#
......##..##.# #.#
..... ##.##.# #.#
......###(.#.######.#
......o)o...........#
≈...o..###.#.########
≈≈K..K. #.#.# §§.....
....# §§..... ..#..#


You could see an orc warrior.

Vanquished Creatures
  An ice beast (D:6)
  An ogre (D:4)
  A big kobold (D:6)
  A bullfrog (D:6)
  2 crimson imps (D:5)
  A jelly (D:5)
  3 orc priests
  3 orc wizards
  Crazy Yiuf (D:2)
  Natasha (thrice) (D:2)
  Terence (D:2)
  An iguana (D:5)
  2 worker ants
  4 gnolls (D:5)
  10 adders
  An ooze (D:5)
  3 worms
  2 dart slugs (D:1)
  5 leopard geckos
  11 orcs
  9 bats
  3 giant cockroaches
  10 goblins
  11 hobgoblins
  6 quokkas
  3 ball pythons
  4 frilled lizards
  A jackal zombie (D:5)
  12 kobolds
  12 rats
128 creatures vanquished.

Notes
Turn   | Place    | Note
-------+----------+-------------------------------------------
     0 | D:1      | Azzur the Gargoyle Earth Elementalist began the quest for the Orb.
     0 | D:1      | Reached XP level 1. HP: 10/10 MP: 3/3
   175 | D:1      | Reached skill level 4 in Earth Magic
   175 | D:1      | Reached XP level 2. HP: 12/15 MP: 5/5
   905 | D:1      | Reached XP level 3. HP: 19/19 MP: 4/6
   924 | D:1      | Learned a level 3 spell: Stone Arrow
  1497 | D:2      | Noticed Natasha
  1513 | D:2      | Killed Natasha
  1513 | D:2      | Reached skill level 1 in Conjurations
  1513 | D:2      | Reached XP level 4. HP: 12/24 MP: 3/8
  2096 | D:2      | Noticed Natasha
  2100 | D:2      | Killed Natasha
  2100 | D:2      | Reached skill level 5 in Earth Magic
  2107 | D:2      | Reached XP level 5. HP: 19/28 MP: 3/9
  2235 | D:2      | Noticed Terence
  2255 | D:2      | Killed Terence
  2255 | D:2      | Reached skill level 1 in Shields
  2563 | D:2      | Noticed Natasha
  2574 | D:2      | Killed Natasha
  2767 | D:2      | Found a runed door.
  2771 | D:2      | Noticed Crazy Yiuf
  2780 | D:2      | Killed Crazy Yiuf
  3014 | D:3      | Found a faded altar of an unknown god.
  3137 | D:3      | Reached XP level 6. HP: 26/33 MP: 11/11
  3468 | D:3      | Reached skill level 1 in Fighting
  3468 | D:3      | Reached skill level 1 in Maces & Flails
  3468 | D:3      | Reached skill level 1 in Armour
  4315 | D:4      | Reached skill level 1 in Evocations
  4315 | D:4      | Reached XP level 7. HP: 38/38 MP: 3/12
  4563 | D:4      | Found a large runed door.
  4564 | D:4      | Found a large runed door.
  4567 | D:4      | Noticed dforspid's ghost (novice GnWn)
  4812 | D:5      | Entered Level 5 of the Dungeon
  5095 | D:5      | Learned a level 5 spell: Lee's Rapid Deconstruction
  5176 | D:5      | Found a blossoming altar of Fedhas.
  5190 | D:5      | Noticed an oklob plant
  5295 | D:5      | HP: 1/40 [orc priest/divine providence (14)]
  6364 | D:6      | Reached XP level 8. HP: 42/44 MP: 2/13
  6474 | D:6      | Reached skill level 6 in Earth Magic
  6491 | D:6      | Hit by a tomahawk thrown by an orc warrior

Vault maps used:
D:1:      minmay_arrival_wavy_path
D:2:      kb_forest_paths, uniq_natasha, uniq_terence, uniq_crazy_yiuf_cottage
D:3:      chequers_ecumenical_altar_simple, first_ration, patterned_corridor
D:4:      ebering_ghost_disaster_area
D:5:      tgw_fedhas
D:6:      nicolae_gozag_seed_capital, overflow_temple_1_default,
          ashenzari_altar_1, minmay_temple_entry_mist

Skill      XL: |  1  2  3  4  5  6  7  8 |
---------------+-------------------------+-----
Earth Magic    | 4 5 6 |  6.1
Spellcasting   | 3 4 |  4.0
Conjurations   | 1 2 3 |  3.4
Shields        | 1 2 |  2.8
Dodging        | 2 |  2.7
Fighting       | 1 2 |  2.5
Maces & Flails | 1 2 |  2.3
Armour         | 1 2 |  2.5
Evocations     | 1 2 |  2.0
Stealth        | |  2.1
Transmutations | |  0.7

Action                   |  1- 3 |  4- 6 |  7- 9 || total
-------------------------+-------+-------+-------++-------
Melee: Whip              |    74 |       |       ||    74
       Unarmed           |     1 |       |       ||     1
       Club              |    60 |   364 |       ||   424
       Flail             |       |       |    73 ||    73
 Cast: Sandblast         |    20 |    42 |    22 ||    84
       Stone Arrow       |       |     1 |    29 ||    30
  Use: Scroll            |       |     4 |     2 ||     6
       Potion            |       |     1 |       ||     1
 Stab: Sleeping          |     3 |     6 |       ||     9
  Eat: Chunk             |     2 |     9 |     7 ||    18
       Ration            |       |       |     1 ||     1
Armor: Robe              |    45 |   142 |    29 ||   216
Dodge: Dodged            |    84 |   234 |    36 ||   354
Block: Buckler           |       |   113 |    36 ||   149
       Reflection        |       |       |     2 ||     2

Table legend:
 A = Spawn XP
 B = Non-spawn XP
 C = Spawn XP percentage of total XP
 D = Spawn monster count
 E = Non-spawn monster count
 F = Spawn count percentage of total count
 G = Total turns spent on level
                    A         B        C        D         E        F      G
               +---------+---------+-------+---------+---------+-------+---------
         Total |       0 |    1478 |   0.0 |       0 |     128 |   0.0 |  6491
               +---------+---------+-------+---------+---------+-------+---------
           D:1 |       0 |      41 |   0.0 |       0 |      21 |   0.0 |  1110
           D:2 |       0 |     252 |   0.0 |       0 |      37 |   0.0 |  1897
           D:3 |       0 |     216 |   0.0 |       0 |      32 |   0.0 |  1230
           D:4 |       0 |     165 |   0.0 |       0 |       8 |   0.0 |   575
           D:5 |       0 |     383 |   0.0 |       0 |      16 |   0.0 |  1220
           D:6 |       0 |     421 |   0.0 |       0 |      14 |   0.0 |   459
               +---------+---------+-------+---------+---------+-------+---------
